 Dungeon Crawl Stone Soup version 0.28-a0-1389-gc726bef33b (webtiles) character file.

Game seed: 13042725336302159131

3 eustatius the Stinger (level 1, 0/13 HPs)
             Began as a Merfolk Venom Mage on Jan 4, 2022.
             Was a Follower of Trog.
             Slain by a kobold (3 damage)
             ... on level 1 of the Dungeon.
             The game lasted 00:02:05 (418 turns).

eustatius the Stinger (Merfolk Venom Mage)           Turns: 418, Time: 00:02:06

Health: 0/13       AC:  2    Str:  8    XL:     1   Next: 50%
Magic:  3/3        EV:  9    Int: 14    God:    Trog [*.....]
Gold:   20         SH:  0    Dex: 14    Spells: 3/4 levels left

rFire   . . .      SeeInvis .   e - +0 dagger
rCold   . . .      Faith    .   (no shield)
rNeg    . . .      Spirit   .   a - +0 robe
rPois   .          Reflect  .   (no helmet)
rElec   .          Harm     .   (no cloak)
rCorr   .          Rampage  .   (no gloves)
Will    .....                   (no boots)
Stlth   ++........              (no amulet)
HPRegen 0.04/turn               (no ring)
MPRegen 0.08/turn               (no ring)

@: constricted
A: (nimble swimmer 2), mertail
a: Renounce Religion, Berserk


You were on level 1 of the Dungeon.
You worshipped Trog.
Trog was aware of your devotion.
You visited 1 branch of the dungeon, and saw 1 of its levels.

You collected 20 gold pieces.

Inventory:

Hand Weapons
 e - a +0 dagger (weapon)
Armour
 a - a +0 robe (worn)
Jewellery
 d - a ring of protection from cold
Potions
 b - a potion of curing {unknown}
 c - a potion of might {unknown}


   Skills:
 + Level 0.2 Short Blades
 + Level 2.6 Dodging
 + Level 2.3 Stealth
 - Level 2.1 Spellcasting
 - Level 1.3 Transmutations
 - Level 3.2 Poison Magic


You had 3 spell levels left.
You knew the following spells:

 Your Spells              Type           Power      Damage    Failure   Level
a - Sting                 Tmut/Pois      28%        1d4       9%          1

Your spell library contained the following spells:

 Spells                   Type           Power      Damage    Failure   Level
 Poisonous Vapours        Pois/Air       12%        N/A       19%         2
 Mephitic Cloud           Conj/Pois/Air  4%         N/A       41%         3
 Olgreb's Toxic Radiance  Pois           10%        N/A       52%         4


Dungeon Overview and Level Annotations

Branches:
Dungeon (1/15)

Altars:
Trog


Innate Abilities, Weirdness & Mutations

((You are very nimble when in or above water. (Stealth+, EV+, Speed+++)))
Your lower body shifts to a powerful aquatic tail in water.


Message History

The ball python barely misses you. The ball python grabs you.
The ball python constricts you.
You closely miss the ball python. The ball python bites you.
The ball python constricts you.
You closely miss the ball python.
The ball python bites you but does no damage.
The ball python constricts you.
You hit the ball python.
The ball python is severely wounded.
The ball python bites you but does no damage.
The ball python constricts you.
You barely miss the ball python.
The ball python is severely wounded.
The ball python bites you. The ball python constricts you.
You hit the ball python.
You kill the ball python!
Trog accepts your kill.
Found 15 gold pieces.
A bat, a ball python and a kobold come into view.
Found a ring mail.
The ball python hisses angrily.
The kobold shouts!
You barely miss the kobold. The kobold hits you with a +0 dagger.
You hit the kobold but do no damage. The kobold hits you with a +0 dagger.
You barely miss the kobold. The kobold barely misses you.
You hit the kobold but do no damage. The kobold closely misses you.
You closely miss the kobold. The kobold closely misses you.
The ball python completely misses you. The ball python grabs you.
The ball python constricts you.
You closely miss the kobold. The ball python closely misses you.
The ball python constricts you. The kobold closely misses you.
You hit the kobold.
The kobold is severely wounded.
The ball python barely misses you. The ball python constricts you.
* * * LOW HITPOINT WARNING * * *
The kobold barely misses you.
You barely miss the kobold.
The kobold is severely wounded.
The ball python bites you but does no damage.
The ball python constricts you. The kobold hits you with a +0 dagger.
You die...

.. ##.....#.....#
...#.#.###.....###....#
..#..#......#.## ###...
[#....#.##.#..# ###.
#.....#.##.#.## #.
#.....#.##...# ##
#....#....### #K...## #
#@...# ## #S.........
#. #..#################
.... #...#.... .$....
#.#.รท.### ######
#.#.#.#.. #...###.#
#.#.#(#.# #.#.#.#.#


You could see a ball python and a kobold.

Vanquished Creatures
  2 ball pythons (D:1)
  A bat (D:1)
  A goblin (D:1)
4 creatures vanquished.

Vanquished Creatures (others)
  A withered plant (D:1)
1 creature vanquished.

Grand Total: 5 creatures vanquished

Notes
Turn   | Place    | Note
-------+----------+-------------------------------------------
     0 | D:1      | eustatius the Merfolk Venom Mage began the quest for the
                  | Orb.
     0 | D:1      | Reached XP level 1. HP: 13/13 MP: 3/3
   156 | D:1      | Found a faded altar of an unknown god.
   189 | D:1      | Prayed at the altar of an unknown god.
   189 | D:1      | Became a worshipper of Trog the Wrathful
   189 | D:1      | Reached * piety under Trog
   418 | D:1      | Slain by a kobold

Illustrated notes

Levels and vault maps discovered:
D:1:      onia_arrival_mini_maze_b, layout_rooms,
          ebering_ecumenical_altar_petrified, minmay_misc_feat_four_crosses,
          minmay_circled_x

Action                   || total
-------------------------++-------
Melee: Dagger            ||    13
       Unarmed           ||     4
 Cast: Sting             ||     3
Armor: Robe              ||     3
Dodge: Dodged            ||    10

Table legend: (Time is in decaauts)
 A = Elapsed time spent in this place.
 B = Non-inter-level travel time spent in this place.
 C = Inter-level travel time spent in this place.
 D = Time resting spent in this place.
 E = Time spent auto-exploring this place.
 F = Levels seen in this place.
 G = Mean time per level.
                   A        B        C        D        E       F      G
               +--------+--------+--------+--------+--------+-----+--------+
         Total |    417 |    373 |     44 |      0 |    229 |   1 |  417.0 |
       Dungeon |    417 |    373 |     44 |      0 |    229 |   1 |  417.0 |
               +--------+--------+--------+--------+--------+-----+--------+

Top non-repeatable levels by time:
     D:1: 417 daAuts
